Workbook

Sheet Feuil2

Sheet NEEL 52 TARIF-PRICE LIST
A1: NEEL 52 Tarif AVRIL 2023 - NEEL-TRIMARANS NEEL 52 Price list APRIL 2023 - NEEL-TRIMARANS | C1: REF
B2: COTATION / BON DE COMMANDE QUOTATION / ORDER FORM
A4: Client / Customer : Adresse / Address :
A7: Email :
A8: Tel / Phone :
A9: NEEL 52 TARIF € HT | B9: TARIF € HT
A10: Moteur Yanmar 110 CV Sail Drive │ 1 jeu batteries services 24 V gel total = 495 Ah │ 1 batterie Optima démarrage 12 V de 50 Ah │ Mât aluminium anodisé │ Drisse de génois sur lashing │ Réfrigérateur et conservateur │ Eau chaude et eau froide sous pression │ Chauffe-eau │ Plaque de cuisson gaz 3 feux et four à gaz avec grill │ Baille à mouillage I Trampoline en 2 parties I Davier inox intégré sur delphinière │ Echelle de bain │ Construction composite sandwich infusion │ Gel coat de coque gris clair RAL 7047 │ Menuiserie ALPI Chêne clair │ Vaigrage mural : Silvertex MACADEMIA │ Vaigrage plafond : Silvertex blanc │ Cockloon® SUNBRELLA │ Sol Bolon® PLAIN SAND Yanmar 110 HP engine Sail Drive │ 1 set of gel service batteries 24 V = 495 Ah │ 1 engine battery 50 Ah Optima 12 V │ Anodized aluminium mast │ Forsail halyards with lashing │ Fridge and freezer │ Pressurized hot and cold fresh water │ Water heater │ 3-burners propane stove and oven with grill │ Anchor locker │ Bow trampolines │ Transome ladder │ GRP sandwich infusion │ Hull gel coat light grey RAL 7047 │ Wodwork in ALPI light oak│Inside wall lining Silvertex : MACADEMIA │ Inside ceiling lining : Silvertex White │ Cockloon® SUNBRELLA │ Flooring in BOLON® PLAIN SAND
A11: ≡ DOIT ÊTRE DEFINI A LA COMMANDE ≡ TO BE DEFINED AT ORDER | C11: au plus tard | E11: =B235 -> 0
A12: ■ OPTIONS DEVANT ÊTRE COMMANDÉES AU PLUS TARD 9 MOIS AVANT LA DATE PREVISIONNELLE DE LIVRAISON ■ OPTIONS TO BE DEFINED 9 MONTHS BEFORE ESTIMATED DATE OF DELIVERY | C12: au plus tard | E12: =B224-275 -> 45414
A13: ≡ TRI 52 001 | B13: SEA DECK VIEW : Version 4 cabines | 3 salles de bain Pont principal avec espaces de vie (carré/table à cartes/cuisine) Pointes avant non aménagées SEA DECK VIEW : 4 cabin version | 3 bathrooms Main deck with living areas (salon/chart table/kitchen) Unfinished forepeaks | C13: 999000 | D13: 0 | E13: =D13*C13 -> 0
A14: ≡ TRI 52 002 | B14: SEA DECK VIEW : Version 6 cabines | 3 salles de bain Pont principal avec espaces de vie (carré/table à cartes/cuisine) SEA DECK VIEW : 6 cabin version with 3 bathrooms Main deck with living areas ( salon/chart table/kitchen) | C14: 1010000 | D14: 0 | E14: =D14*C14 -> 0
A15: ≡ TRI 52 003 | B15: SKY DECK VIEW : Version 4 cabines | 3 salles de bain Pont principal avec espaces de vie (carré/table à cartes/cuisine) et Master cabine. Flotteur tribord dédié Master cabine, Dressing/Bureau/SDE WC/Douche/Buanderie. Coque centrale : 2 cab 1 SDB. Flotteur bâbord 1 cab + SDE WC/Douche. Pointe avant bâbord non aménagée SKY DECK VIEW : 4 cabin version | 3 bathrooms Main deck with living areas (saloon/chart table/kitchen) and Master cabin. Starboard float dedicated to Master cabin, Dressing room/Office/WC/shower/laundry. Central hull : 2 cab 1 bathroom. Port float 1 cab + SDE WC/shower. Port forepeak not fitted out | C15: 1010000 | D15: 0 | E15: =D15*C15 -> 0
A16: ≡ TRI 52 004 | B16: SKY DECK VIEW : Version 5 cabines | 3 salles de bain Pont principal avec espaces de vie (carré/table à cartes/cuisine) et Master cabine. Flotteur tribord dédié Master Cabine, Dressing/Bureau/SDE WC/Douche/Buanderie. Coque centrale : 2 cab 1 SDB Flotteur bâbord : 2 cab 1 SDB SKY DECK VIEW : Version 5 cabins | 3 bathrooms Main deck with living areas (saloon/chart table/kitchen) and Master cabin. Starboard float dedicated to Master Cabin, Dressing Room/Office/WC/Shower/Laundry. Central hull : 2 cab 1 bathroom Port float : 2 cab 1 bathroom | C16: 1016000 | D16: 0 | E16: =D16*C16 -> 0
A18: AMENAGEMENTS COMPLEMENTAIRES | ADDITIONNAL ACCOMODATIONS
A19: ≡ TRI 52 005 | B19: SEA DECK VIEW (Version 4 cabines-ref TRI 52 001) : Pointe AV bâbord aménagée avec lit double et accès par panneau de pont SEA DECK VIEW (4 cabins version-ref TRI 52 001): Port bow peak with double bed, deck access | C19: 3500 | D19: 0 | E19: =D19*C19 -> 0
A20: ≡ TRI 52 006 | B20: SEA DECK VIEW (Version 4 cabines-ref TRI 52 001) : Pointe AV tribord aménagée avec lit double et accès par panneau de pont SEA DECK VIEW (4 cabins version-ref TRI 52 001): Starboard bow peak with double bed, deck access | C20: 3500 | D20: 0 | E20: =D20*C20 -> 0
A21: ≡ TRI 52 007 | B21: SKY DECK VIEW (Version 4 cabines-ref TRI 52 003) : Pointe AV bâbord aménagée avec lit double et accès par panneau de pont SKY DECK VIEW (4 cabins version-ref TRI 52 003): : Port bow peak with double bed, deck access | C21: 3500 | D21: 0 | E21: =D21*C21 -> 0
A22: ≡ TRI 52 008 | B22: SEA DECK VIEW et SKY DECK VIEW (Toutes versions) : Cabine simple arrière tribord avec WC électrique, douche et vasque SEA DECK VIEW et SKY DECK VIEW (All versions): Aft starboard skipper cabin with electric toilet, wash basin & shower | C22: 7500 | D22: 0 | E22: =D22*C22 -> 0
A23: ≡ TRI 52 009 | B23: SEA DECK VIEW et SKY DECK VIEW (Toutes versions) : Cabine simple arrière bâbord avec WC électrique, douche et vasque SEA DECK VIEW et SKY DECK VIEW (All versions): Aft port skipper cabin with electric toilet, wash basin & shower | C23: 7500 | D23: 0 | E23: =D23*C23 -> 0
A24: ≡ TRI 52 012 | B24: SEA DECK VIEW et SKY DECK VIEW (Toutes versions) : Cabine coque centrale avant : lit double à la place des deux lits supperposés livrés en standard SEA DECK VIEW et SKY DECK VIEW (All versions): Front central hull cabin: double bed instead of the two bunk beds supplied as standard | C24: 950 | D24: 0 | E24: =D24*C24 -> 0
A25: ≡ TRI 52 010 | B25: Pack "ESSENTIEL" Pack "ESSENTIAL" | C25: 53500 | D25: 0 | E25: =D25*C25 -> 0
A26: ≡ TRI 52 011 | B26: Pack "PREMIUM" Pack "PREMIUM" | C26: 72500 | D26: 0 | E26: =D26*C26 -> 0
A28: DESCRIPTION DES PACKS | PACKS SPECIFICATION | C28: ESSENTIAL | E28: PREMIUM
A29: ≡ PACK 52 001 | B29: Grand voile Dacron à corne lattée sur chariots à billes Top square full batten main sail Dacron with ball bearings car | C29: x | E29: x
A30: ≡ PACK 52 002 | B30: Génois Dacron sur enrouleur avec bande UV Dacron genoa on furler + UV stripe | C30: x | E30: x
A31: ≡ PACK 52 003 | B31: Trinquette Dacron sur emmagasineur avec bande UV Dacron self tacking jib on furler + UV stripe | C31: x | E31: x
A32: ≡ PACK 52 004 | B32: Lazy bag Lazy bag | C32: x | E32: x
A33: ≡ PACK 52 005 | B33: Réseau 230 V 11 prises PC quai 32 A et ligne de quai 25 m 230 V installation including 11 outlets PC 32 A and 25 m shore power line | C33: x | E33: x
A34: ≡ PACK 52 006 | B34: Mass combi ultra x 2 - par unité : 24 V / 3 500 W / 100 A Combi x 2 - per unit 24 V / 3 500 W / 100 A | C34: x | E34: x
A35: ≡ PACK 52 007 | B35: Guindeau électrique 24 V puissance 1 700 W Electric windlass 24 V power 1 700 W | C35: x | E35: x
A36: ≡ PACK 52 008 | B36: Rideaux dans les cabines Cabin curtains | C36: x | E36: x
A37: ≡ PACK 52 009 | B37: Panneaux de ventilation sur le roof Roof ventilation hatches | C37: x | E37: x
A38: ≡ PACK 52 010 | B38: WC électriques eau douce Electrical fresh water toilets | C38: x | E38: x
A39: ≡ PACK 52 011 | B39: Réservoirs eaux noires avec nables d'extraction sur le pont Holding tanks with pump-out fitting on deck | C39: x | E39: x
A40: ≡ PACK 52 012 | B40: Echelle de bain et douchette eau chaude / froide sur jupe flotteur bâbord Transom ladder & transom shower hot/cold water on portside | C40: x | E40: x
... A46: ≡ PACK 52 018 | B46: Kit mouillage (ancre KOBRA 25 kg + chaîne + câblot) Anchoring kit (25 kg KOBRA anchor + chain + rope) | C46: x | E46: x
A47: ≡ PACK 52 019 | B47: Propulseur d'étrave 24 V avec batteries et chargeur dédiés Bow thruster 24 V with dedicated battery and charger | E47: x
A48: ≡ PACK 52 020 | B48: Protection d'étrave en inox Stainless steel bow protection | E48: x
A49: ≡ PACK 52 021 | B49: Winch électrique pour drisses de GV, de trinquette et de spi Powered winch instead of the manual one for mainsail, staysail & spinaker halyards | E49: x
A50: ≡ PACK 52 022 | B50: Sellerie sun deck SUNBRELLA Sun deck cushions SUNBRELLA | E50: x
A51: ≡ PACK 52 023 | B51: Audio Fusion Apollo 770 avec 2 HP dans cockpit et 2 HP (B&W) dans le carré, avec prise USB Audio Fusion Apollo 770 with 2 speakers in the cockpit and 2 speakers (B&W) in the saloon, with USB plug | E51: x
A52: ≡ PACK 52 024 | B52: 2 fauteuils amovibles Cockloon® 2 foldable Cockloon® seats | E52: x
A53: ≡ PACK 52 025 | B53: Relevage d'annexe avec balancine sur line driver et bers Dinghy toping lift system including line driver & craddles | E53: x
A54: ≡ PACK 52 026 | B54: Antifouling avec primer expoxy Antifouling with epoxy primer | E54: x
A56: TECK SYNTHÉTIQUE | SYNTHETIC TEAK
A57: ≡ OPT 52 TS001 | B57: Cockpit complet et jupes en teck synthétique Synthetic teak on full cockpit and transoms | C57: TBD | D57: 0
A58: ≡ OPT 52 TS002 | B58: Passavants, pont avant, cockpit complet, jupes, sundeck et estrade poste de barre en teck synthétique Synthetic teak on full cockpit, transoms and sundeck, sidewalks, forward deck, sundeck & helm station | C58: 33000 | D58: 0 | E58: =D58*C58 -> 0
A59: ≡ OPT 52 TS003 | B59: Salon, cuisine et espace table à cartes en teck synthétique (Versions SEA DECK) Synthetic teak interior : saloon, galley and chart table (SEA DECK Versions) | C59: 14500 | D59: 0 | E59: =D59*C59 -> 0
A60: ≡ OPT 52 TS004 | B60: Salon, cuisine, espace table à cartes et cabine master (espace nuit) en teck synthétique (Versions SKY DECK) Synthetic teak interior : saloon, galley, chart table, master cabin (sleeping area) (SKY DECK Versions) | C60: 14800 | D60: 0 | E60: =D60*C60 -> 0
A61: ≡ OPT 52 TS005 | B61: Teck synthétique dans les cabines des flotteurs et coque centrale Synthetic teak in cabins located in the floats and in the central hull | C61: 20800 | D61: 0 | E61: =D61*C61 -> 0
A63: CONFORT EXTERIEUR | EXTERIOR COMFORT
A64: ■ OPT 52 CE001 | B64: Tente de cockpit amovible Removable cockpit tent | C64: 6800 | D64: 0 | E64: =D64*C64 -> 0
A65: ■ OPT 52 CE012 | B65: Tente de cockpit 2 en 1 avec panneaux souples transparents et panneaux moustiquaires 2 in 1 cockpit tent with transparent soft panels and mosquito net panels | C65: 9600 | D65: 0 | E65: =D65*C65 -> 0
A66: ■ OPT 52 CE003 | B66: Bimini fixe au poste de barre sur structure inox avec pare brise souple Bimini at the helm station including windshield | C66: 5200 | D66: 0 | E66: =D66*C66 -> 0
A67: ■ OPT 52 CE004 | B67: Fermeture complète en toile du bimini Bimini full closing tent | C67: 3400 | D67: 0 | E67: =D67*C67 -> 0
A68: ■ OPT 52 CE005 | B68: Bloc cuisine extérieure dans cockpit comprenant plan de travail, évier, eau froide/chaude, frigo - Incompatible avec le Bain de soleil (CE006) Cockpit kitchen including work top, sink, hot and cold water, fridge - Not possible with Sunbathing pad (CE006) | C68: 9800 | D68: 0 | E68: =D68*C68 -> 0
A69: ■ OPT 52 CE006 | B69: Plancha - Impose sélection de l'option Bloc cuisine (CE005) Plancha - Requires Cockpit Kitchen (CE005) | C69: 2900 | D69: 0 | E69: =D69*C69 -> 0
A70: ■ OPT 52 CE007 | B70: Ice maker dans bloc cuisine extérieure dans cockpit (condamne du rangement) - Incompatible avec le Bain de soleil (CE006) Ice maker in cockpit kitchen (removes from storage) - Not possible with Sunbathing pad (CE006) | C70: 2750 | D70: 0 | E70: =D70*C70 -> 0
A71: ■ OPT 52 CE008 | B71: Bain de soleil dans cockpit - Incompatible avec bloc cuisine extérieure (CE005) Sunbathing pad - Impossible with Cockpit kitchen (CE005) | C71: 8150 | D71: 0 | E71: =D71*C71 -> 0
A72: ■ OPT 52 CE009 | B72: Ensemble de mains courantes autour du roof Set of handrails around the roof | C72: 765 | D72: 0 | E72: =D72*C72 -> 0
A73: ■ OPT 52 CE010 | B73: 1 taquet de pendille sur chaque pointe avant de flotteur (donc 2 taquets au total) 1 mooring cleat on each float bow (total : 2 cleats) | C73: 705 | D73: 0 | E73: =D73*C73 -> 0
A74: ■ OPT 52 CE011 | B74: 1 table cocktail au niveau du trampoline tribord 1 cocktail table near the starboard trampoline | C74: 900 | D74: 0 | E74: =D74*C74 -> 0
A75: ■ OPT 52 CE013 | B75: 1 Ensemble de coussins pour plage avant tribord | C75: 255 | D75: 0 | E75: =D75*C75 -> 0
A77: CONFORT INTERIEUR | INTERIOR COMFORT
A78: ■ OPT 52 CI001.1 | B78: 4 ventilateurs électriques dans "l'espace Jour" (carré, cuisine, table à carte et cabine Master) 4 electrical fans in the "Living area" (saloon, nav.station, kitchen and master cabin) | C78: 1300 | D78: 0 | E78: =D78*C78 -> 0
A79: ■ OPT 52 CI001.2 | B79: 7 ventilateurs électriques dans "l'espace Nuit" (cabines, dressing) 7 electrical fans in the "Night area" (cabins, dressing) | C79: 2280 | D79: 0 | E79: =D79*C79 -> 0
A80: ■ OPT 52 CI002 | B80: Rideau d'entrée de baie coulissante Curtain for the entrance sliding door | C80: 950 | D80: 0 | E80: =D80*C80 -> 0
A81: ■ OPT 52 CI007 | B81: Batyline occultante extérieure de vitrage - Couleur BLANC ou GRIS au choix Outside blind made of Batyline - colour to be choosen : WHITE or GREY | C81: 2000 | D81: 0 | E81: =D81*C81 -> 0
A82: ■ OPT 52 CI003 | B82: Batyline occultante extérieure de vitrage avec ouvrants pour panneaux - Couleur BLANC ou GRIS au choix Outside blind made of Batyline with hatch openings - colour to be choosen : WHITE or GREY | C82: 3300 | D82: 0 | E82: =D82*C82 -> 0
A83: ■ OPT 52 CI004 | B83: Eau de mer sous pression au robinet de cuisine intérieure (en plus de l'eau douce) et sortie sur pont pour connecter un tuyau Pressurized sea water at galley (in addition to fresh water) and outlet on deck to connect a hose | C83: 1600 | D83: 0 | E83: =D83*C83 -> 0
A84: ■ OPT 52 CI005 | B84: Sommier à latte pour lit double (6 maximum) Slatted bed for double bed (6 maximum) | C84: 325 | D84: 0 | E84: =D84*C84 -> 0
A85: ■ OPT 52 CI006 | B85: Ensemble des éclairages sur dimmer (variateur d'intensité) Set of dimmer lights (dimmer) | C85: TBD | D85: 0
A87: ENERGIE 230V-50Hz | ENERGY 230V-50Hz
A88: ≡ OPT 52 EN001 | B88: Generateur 11-12 KW (selon fournisseur) Generator 11-12 KW (as per supplier) | C88: 28000 | D88: 0 | E88: =D88*C88 -> 0
A89: ≡ OPT 52 EN002 | B89: Pré installation GE (piquage eau de mer uniquement) (déjà compris si GE sélectionné) Pre installation for generator (sea water dive only) (already included if generator selected) | C89: TBD | D89: 0
A90: ≡ OPT 52 EN003.1 | B90: Sur TRI 52 003: Climatisation à eau glacée centralisée réversible cabines + pont principal 50K BTU (sans chaudière) (Fonctionne en 230V mais est bifréquence, nécessite un convertisseur si fonctionnement en 120V) Centralized and reversible air-conditionning system in cabins+saloon 50 K BTU (without boiler) | C90: 56980 | D90: 0 | E90: =D90*C90 -> 0
A91: ≡ OPT 52 EN003.2 | B91: Sur TRI 52 001 : Climatisation à eau glacée centralisée réversible cabines + pont principal 50K BTU(sans chaudière) (Fonctionne en 230V mais est bifréquence, nécessite un convertisseur si fonctionnement en 120V) Centralized and reversible air-conditionning system in cabins + saloon 50 K BTU (without boiler) | C91: 56980 | D91: 0 | E91: =D91*C91 -> 0
A92: ≡ OPT 52 EN003.3 | B92: Sur TRI 52 002 et TRI 52 004 : Climatisation à eau glacée centralisée réversible cabines + pont principal 50 K BTU (sans chaudière) (Fonctionne en 230V mais est bifréquence, nécessite un convertisseur si fonctionnement en 120V) Centralized and reversible air-conditionning system in cabins + saloon 50 K BTU(without boiler) | C92: 56980 | D92: 0 | E92: =D92*C92 -> 0
A93: ≡ OPT 52 EN004 | B93: Chauffage diesel pour climatisation (en complément OPT 52 EN003.1/.2/.3) Diesel Heating System for air-conditionning (in addition to OPT 52 EN003.1/.2/.3) | C93: 8210 | D93: 0 | E93: =D93*C93 -> 0
A94: ≡ OPT 52 EN005 | B94: Chauffage chaudière WEBASTO à eau Water heating system WEBASTO | C94: 16200 | D94: 0 | E94: =D94*C94 -> 0
A95: ≡ OPT 52 EN006 | B95: Dessalinisateur 24 V débit 100 L/H Water maker 100 L/H 24 V | C95: 15200 | D95: 0 | E95: =D95*C95 -> 0
A96: ≡ OPT 52 EN007 | B96: Dessalinisateur 230 V - 50 Hz débit 160 L/H Water maker 180 L/H 230 V - 50 Hz | C96: 17000 | D96: 0 | E96: =D96*C96 -> 0
A97: ≡ OPT 52 EN021 | B97: Pré installation dessalinisateur (piquage eau de mer uniquement) Pre installation for watermaker (sea water dive only) | C97: TBD | D97: 0
A98: ≡ OPT 52 EN008 | B98: Lave vaisselle 9 couverts Dishwasher 9 pax | C98: 1950 | D98: 0 | E98: =D98*C98 -> 0
A99: ≡ OPT 52 EN009 | B99: Lave linge séchant 4kg dans îlot cuisine sur SEA DECK VIEW; à l'avant du flotteur tribord sur SKY DECK VIEW Washer dryer 4 kg in the central galley furniture unit (SEA DECK VIEW Version); in forward starboard ama (SKY DECK VIEW VERSION) | C99: 1800 | D99: 0 | E99: =D99*C99 -> 0
A100: ≡ OPT 52 EN010 | B100: ENSEMBLE plaque et four électriques en remplacement du standard en gaz (ne nécessite pas de fourniture d'électricité supplémentaire, mais nécessite une surveillance de la gestion d'énergie) SET electric plate and oven to replace the standard gas (does not require additional electricity supply, but requires power management monitoring) | C100: 350 | D100: 0 | E100: =D100*C100 -> 0
A101: ≡ OPT 52 EN011 | B101: Four à micro-ondes Micro wave | C101: 650 | D101: 0 | E101: =D101*C101 -> 0
A102: ≡ OPT 52 EN012 | B102: 4 panneaux solaires SOLBIAN sur avant roof débit total 364 W 4 x SOLBIAN solar pannels on the roof total 364 W | C102: 7560 | D102: 0 | E102: =D102*C102 -> 0
A103: ≡ OPT 52 EN013 | B103: 2 ensembles de panneaux solaires customisés SOLBIAN sur côtés du roof-débit total 1482 W 2 x SOLBIAN customized solar pannels packs on the roof sides - total 1476 W | C103: 18000 | D103: 0 | E103: =D103*C103 -> 0
A104: ≡ OPT 52 EN014 | B104: Climatisation monobloc pour cabine skipper tribord Air conditionning for starboard skipper cabin | C104: 4950 | D104: 0 | E104: =D104*C104 -> 0
A105: ≡ OPT 52 EN015 | B105: Climatisation monobloc pour cabine skipper babord Air conditionning for portside skipper cabin | C105: 4950 | D105: 0 | E105: =D105*C105 -> 0
A106: ≡ OPT 52 EN016 | B106: TV 50" sur lift dans îlot central sur (Version SEA DECK VIEW) TV 50" with lift in central furniture unit (SEA DECK VIEW Version) | C106: 3900 | D106: 0 | E106: =D106*C106 -> 0
A107: ≡ OPT 52 EN017 | B107: TV 50" sur support fixe sur cloison carré sur (Version SKY DECK VIEW) TV 50" permanent on saloon bulkhead (SKY DECK VIEW) | C107: 1650 | D107: 0 | E107: =D107*C107 -> 0
A108: ≡ OPT 52 EN018 | B108: Pré-cablage antenne TV (TV et support TV fourniture client) Pre-cable TV antenna (TV and TV support customer supply) | C108: 950 | D108: 0 | E108: =D108*C108 -> 0
A109: ≡ OPT 52 EN019 | B109: Cave à vin sous siège de table à cartes (en remplacement d'un tiroir) Wine cellar under chart table seat (replacing a drawer) | C109: 3200 | D109: 0 | E109: =D109*C109 -> 0
... A111: ≡ OPT 52 EN022 | B111: 3e combi (MASS COMBI PRO 24/3500-100) 3rd combi (MASS COMBI PRO 24/3500-100) | C111: 5680 | D111: 0 | E111: =D111*C111 -> 0
A112: OPTIONS LITHIUM | LITHIUM OPTIONS
A113: ≡ OPT 52 EN030 | B113: Plus value pour parc service de batteries : 4 batteries lithium soit 920 Ah (réel 736 Ah) (en remplacement des 6 batteries gel standard) (s'il n'y a pas de climatisation à bord) Added value for battery service fleet : 4 lithium batteries for 920 Ah (736 Ah in real) (replacing the 6 gel standard batteries) (setup if customer does not have AC) | C113: 33911 | D113: 0 | E113: =D113*C113 -> 0
A114: ≡ OPT 52 EN031 | B114: Plus value pour parc service de batteries : 6 batteries lithium soit 1380 Ah (réel 1100 Ah) (en remplacement des 6 batteries gel standard) (si climatisation à bord) Added value for battery service fleet : 6 lithium batteries for 1380 Ah (1100 Ah in real) (replacing the 6 gel standard batteries) (if AC on board) | C114: 49606 | D114: 0 | E114: =D114*C114 -> 0
A115: ≡ OPT 52 EN036 | B115: Timer sur chauffe eau Timer on water heater | C115: 611 | D115: 0 | E115: =D115*C115 -> 0
...

Sheet FICHE DE FABRICATION NEEL 52
A1: FICHE DE FABRICATION | C1: NEEL 52 n° XX | G1: Fiche de fab en vigueur au 30/03/2023
A2: Date de création: | C2: Date de début fabrication composite: | G2: Ref BC Client : O52-03 20221220
A3: Date de modification : | C3: Date de livraison Client | E3: ='[1]NEEL 52 PRICE LIST'!B225 -> 46054
C4: COMMERCIAL
A7: VERSION D'AMENAGEMENT SELECTIONNEE
A8: ≡ TRI 52 001 | B8: ='NEEL 52 TARIF-PRICE LIST'!B13 -> SEA DECK VIEW : Version 4 cabines | 3 salles de bain Pont principal avec espaces de vie (carré/table à cartes/cuisine) Pointes avant non aménagées SEA DECK VIEW : 4 cabin version | 3 bathrooms Main deck with living areas (salon/chart table/kitchen) Unfinished forepeaks | C8: =IF('NEEL 52 TARIF-PRICE LIST'!D13=1,"X","")
A9: ≡ TRI 52 002 | B9: ='NEEL 52 TARIF-PRICE LIST'!B14 -> SEA DECK VIEW : Version 6 cabines | 3 salles de bain Pont principal avec espaces de vie (carré/table à cartes/cuisine) SEA DECK VIEW : 6 cabin version with 3 bathrooms Main deck with living areas ( salon/chart table/kitchen) | C9: =IF('NEEL 52 TARIF-PRICE LIST'!D14=1,"X","")
A10: ≡ TRI 52 003 | B10: ='NEEL 52 TARIF-PRICE LIST'!B15 -> SKY DECK VIEW : Version 4 cabines | 3 salles de bain Pont principal avec espaces de vie (carré/table à cartes/cuisine) et Master cabine. Flotteur tribord dédié Master cabine, Dressing/Bureau/SDE WC/Douche/Buanderie. Coque centrale : 2 cab 1 SDB. Flotteur bâbord 1 cab + SDE WC/Douche. Pointe avant bâbord non aménagée SKY DECK VIEW : 4 cabin version | 3 bathrooms Main deck with living areas (saloon/chart table/kitchen) and Master cabin. Starboard float dedicated to Master cabin, Dressing room/Office/WC/shower/laundry. Central hull : 2 cab 1 bathroom. Port float 1 cab + SDE WC/shower. Port forepeak not fitted out | C10: =IF('NEEL 52 TARIF-PRICE LIST'!D15=1,"X","")
A11: ≡ TRI 52 004 | B11: ='NEEL 52 TARIF-PRICE LIST'!B16 -> SKY DECK VIEW : Version 5 cabines | 3 salles de bain Pont principal avec espaces de vie (carré/table à cartes/cuisine) et Master cabine. Flotteur tribord dédié Master Cabine, Dressing/Bureau/SDE WC/Douche/Buanderie. Coque centrale : 2 cab 1 SDB Flotteur bâbord : 2 cab 1 SDB SKY DECK VIEW : Version 5 cabins | 3 bathrooms Main deck with living areas (saloon/chart table/kitchen) and Master cabin. Starboard float dedicated to Master Cabin, Dressing Room/Office/WC/Shower/Laundry. Central hull : 2 cab 1 bathroom Port float : 2 cab 1 bathroom | C11: =IF('NEEL 52 TARIF-PRICE LIST'!D16=1,"X","")
A13: MOTORISATION | C13: YANMAR 110cv Sail Drive
A14: GREEMENT (standard ou performance) pour le mat alu, si une option de peinture est prise, elle sera indiquée plus loin sur le document | C14: =IF(AND('NEEL 52 TARIF-PRICE LIST'!D179=0,'NEEL 52 TARIF-PRICE LIST'!D180=0),"Mat et bome alumumiun, GV à corne, génois sur enrouleur, trinquette sur emmaganiseur (voiles en dacron), gréement dormant en cables","") -> Mat et bome alumumiun, GV à corne, génois sur enrouleur, trinquette sur emmaganiseur (voiles en dacron), gréement dormant en cables
C15: =IF('NEEL 52 TARIF-PRICE LIST'!D179=1,"mât carbone & bome alu BLANC, greement dormant textile, GV, Genois et Trinquette sur emmagasineur en HYDRANET","")
C16: =IF('NEEL 52 TARIF-PRICE LIST'!D180=1,"mât carbone & bome alu NOIR, greement dormant textile, GV, Genois et Trinquette sur emmagasineur en HYDRANET","")
A17: TENSION ET FREQUENCE DU BATEAU | C17: =IF('NEEL 52 TARIF-PRICE LIST'!D122=1,"110V et 60 Hz","230V et 50 Hz") -> 230V et 50 Hz
A19: RAPPEL COLORIS ET MATIERES STANDARDS | C19: Gel coat | D19: Gris clair RAL 7047
C20: Mobilier | D20: ALPI chène clair
C21: Vaigrages | D21: Silvertex MACADAMIA
C22: Plafond | D22: Silvertex ICE
C23: Rideaux | D23: Standard NEEL
C24: Sol | D24: Bolon PLAIN SAND
A25: COLORIS ET MATIERES SELECTIONNEES PAR LE CLIENT | C25: Sellerie | D25: {=_xlfn.SWITCH('NEEL 52 TARIF-PRICE LIST'!D213,"a","Tornado","b","Whisper","c","Coconut","d","Zinc")} -> Coconut
C26: Lazy bag et bandes anti UV | D26: =IF('NEEL 52 TARIF-PRICE LIST'!D217="a","Rouge NEEL","Silver 5085") -> Silver 5085
C27: Spi | D27: =IF('NEEL 52 TARIF-PRICE LIST'!D218="a","Rouge NEEL","Blanc") -> Blanc
C28: Batyline | D28: =IF('NEEL 52 TARIF-PRICE LIST'!D219="a","Gris","blanc") -> blanc
A30: AMENAGEMENTS COMPLEMENTAIRES
A31: ='NEEL 52 TARIF-PRICE LIST'!A19 -> ≡ TRI 52 005 | B31: ='NEEL 52 TARIF-PRICE LIST'!B19 -> SEA DECK VIEW (Version 4 cabines-ref TRI 52 001) : Pointe AV bâbord aménagée avec lit double et accès par panneau de pont SEA DECK VIEW (4 cabins version-ref TRI 52 001): Port bow peak with double bed, deck access | C31: =IF('NEEL 52 TARIF-PRICE LIST'!D19=1,"X","")
A32: ='NEEL 52 TARIF-PRICE LIST'!A20 -> ≡ TRI 52 006 | B32: ='NEEL 52 TARIF-PRICE LIST'!B20 -> SEA DECK VIEW (Version 4 cabines-ref TRI 52 001) : Pointe AV tribord aménagée avec lit double et accès par panneau de pont SEA DECK VIEW (4 cabins version-ref TRI 52 001): Starboard bow peak with double bed, deck access | C32: =IF('NEEL 52 TARIF-PRICE LIST'!D20=1,"X","")
A33: ='NEEL 52 TARIF-PRICE LIST'!A21 -> ≡ TRI 52 007 | B33: ='NEEL 52 TARIF-PRICE LIST'!B21 -> SKY DECK VIEW (Version 4 cabines-ref TRI 52 003) : Pointe AV bâbord aménagée avec lit double et accès par panneau de pont SKY DECK VIEW (4 cabins version-ref TRI 52 003): : Port bow peak with double bed, deck access | C33: =IF('NEEL 52 TARIF-PRICE LIST'!D21=1,"X","")
A34: ='NEEL 52 TARIF-PRICE LIST'!A22 -> ≡ TRI 52 008 | B34: ='NEEL 52 TARIF-PRICE LIST'!B22 -> SEA DECK VIEW et SKY DECK VIEW (Toutes versions) : Cabine simple arrière tribord avec WC électrique, douche et vasque SEA DECK VIEW et SKY DECK VIEW (All versions): Aft starboard skipper cabin with electric toilet, wash basin & shower | C34: =IF('NEEL 52 TARIF-PRICE LIST'!D22=1,"X","")
A35: ='NEEL 52 TARIF-PRICE LIST'!A23 -> ≡ TRI 52 009 | B35: ='NEEL 52 TARIF-PRICE LIST'!B23 -> SEA DECK VIEW et SKY DECK VIEW (Toutes versions) : Cabine simple arrière bâbord avec WC électrique, douche et vasque SEA DECK VIEW et SKY DECK VIEW (All versions): Aft port skipper cabin with electric toilet, wash basin & shower | C35: =IF('NEEL 52 TARIF-PRICE LIST'!D23=1,"X","")
A36: ='NEEL 52 TARIF-PRICE LIST'!A24 -> ≡ TRI 52 012 | B36: ='NEEL 52 TARIF-PRICE LIST'!B24 -> SEA DECK VIEW et SKY DECK VIEW (Toutes versions) : Cabine coque centrale avant : lit double à la place des deux lits supperposés livrés en standard SEA DECK VIEW et SKY DECK VIEW (All versions): Front central hull cabin: double bed instead of the two bunk beds supplied as standard | C36: =IF('NEEL 52 TARIF-PRICE LIST'!D24=1,"X","")
A37: ='NEEL 52 TARIF-PRICE LIST'!A25 -> ≡ TRI 52 010 | B37: ='NEEL 52 TARIF-PRICE LIST'!B25 -> Pack "ESSENTIEL" Pack "ESSENTIAL" | C37: =IF('NEEL 52 TARIF-PRICE LIST'!D25=1,"X","")
A38: ='NEEL 52 TARIF-PRICE LIST'!A26 -> ≡ TRI 52 011 | B38: ='NEEL 52 TARIF-PRICE LIST'!B26 -> Pack "PREMIUM" Pack "PREMIUM" | C38: =IF('NEEL 52 TARIF-PRICE LIST'!D26=1,"X","")
A40: PACK SELECTIONNE | D40: =IF('NEEL 52 TARIF-PRICE LIST'!D26=1,"PREMIUM","ESSENTIEL") -> ESSENTIEL
A41: Description des packs | D41: ESSENTIEL | E41: PREMIUM
A42: ='NEEL 52 TARIF-PRICE LIST'!A29 -> ≡ PACK 52 001 | B42: ='NEEL 52 TARIF-PRICE LIST'!B29 -> Grand voile Dacron à corne lattée sur chariots à billes Top square full batten main sail Dacron with ball bearings car | D42: X | E42: X
A43: ='NEEL 52 TARIF-PRICE LIST'!A30 -> ≡ PACK 52 002 | B43: ='NEEL 52 TARIF-PRICE LIST'!B30 -> Génois Dacron sur enrouleur avec bande UV Dacron genoa on furler + UV stripe | D43: X | E43: X
A44: ='NEEL 52 TARIF-PRICE LIST'!A31 -> ≡ PACK 52 003 | B44: ='NEEL 52 TARIF-PRICE LIST'!B31 -> Trinquette Dacron sur emmagasineur avec bande UV Dacron self tacking jib on furler + UV stripe | D44: X | E44: X
A45: ='NEEL 52 TARIF-PRICE LIST'!A32 -> ≡ PACK 52 004 | B45: ='NEEL 52 TARIF-PRICE LIST'!B32 -> Lazy bag Lazy bag | D45: X | E45: X
A46: ='NEEL 52 TARIF-PRICE LIST'!A33 -> ≡ PACK 52 005 | B46: ='NEEL 52 TARIF-PRICE LIST'!B33 -> Réseau 230 V 11 prises PC quai 32 A et ligne de quai 25 m 230 V installation including 11 outlets PC 32 A and 25 m shore power line | D46: X | E46: X
A47: ='NEEL 52 TARIF-PRICE LIST'!A34 -> ≡ PACK 52 006 | B47: ='NEEL 52 TARIF-PRICE LIST'!B34 -> Mass combi ultra x 2 - par unité : 24 V / 3 500 W / 100 A Combi x 2 - per unit 24 V / 3 500 W / 100 A | D47: X | E47: X
A48: ='NEEL 52 TARIF-PRICE LIST'!A35 -> ≡ PACK 52 007 | B48: ='NEEL 52 TARIF-PRICE LIST'!B35 -> Guindeau électrique 24 V puissance 1 700 W Electric windlass 24 V power 1 700 W | D48: X | E48: X
A49: ='NEEL 52 TARIF-PRICE LIST'!A36 -> ≡ PACK 52 008 | B49: ='NEEL 52 TARIF-PRICE LIST'!B36 -> Rideaux dans les cabines Cabin curtains | D49: X | E49: X
A50: ='NEEL 52 TARIF-PRICE LIST'!A37 -> ≡ PACK 52 009 | B50: ='NEEL 52 TARIF-PRICE LIST'!B37 -> Panneaux de ventilation sur le roof Roof ventilation hatches | D50: X | E50: X
A51: ='NEEL 52 TARIF-PRICE LIST'!A38 -> ≡ PACK 52 010 | B51: ='NEEL 52 TARIF-PRICE LIST'!B38 -> WC électriques eau douce Electrical fresh water toilets | D51: X | E51: X
A52: ='NEEL 52 TARIF-PRICE LIST'!A39 -> ≡ PACK 52 011 | B52: ='NEEL 52 TARIF-PRICE LIST'!B39 -> Réservoirs eaux noires avec nables d'extraction sur le pont Holding tanks with pump-out fitting on deck | D52: X | E52: X
A53: ='NEEL 52 TARIF-PRICE LIST'!A40 -> ≡ PACK 52 012 | B53: ='NEEL 52 TARIF-PRICE LIST'!B40 -> Echelle de bain et douchette eau chaude / froide sur jupe flotteur bâbord Transom ladder & transom shower hot/cold water on portside | D53: X | E53: X
... A59: ='NEEL 52 TARIF-PRICE LIST'!A46 -> ≡ PACK 52 018 | B59: ='NEEL 52 TARIF-PRICE LIST'!B46 -> Kit mouillage (ancre KOBRA 25 kg + chaîne + câblot) Anchoring kit (25 kg KOBRA anchor + chain + rope) | D59: X | E59: X
A60: ='NEEL 52 TARIF-PRICE LIST'!A47 -> ≡ PACK 52 019 | B60: ='NEEL 52 TARIF-PRICE LIST'!B47 -> Propulseur d'étrave 24 V avec batteries et chargeur dédiés Bow thruster 24 V with dedicated battery and charger | E60: X
A61: ='NEEL 52 TARIF-PRICE LIST'!A48 -> ≡ PACK 52 020 | B61: ='NEEL 52 TARIF-PRICE LIST'!B48 -> Protection d'étrave en inox Stainless steel bow protection | E61: X
A62: ='NEEL 52 TARIF-PRICE LIST'!A49 -> ≡ PACK 52 021 | B62: ='NEEL 52 TARIF-PRICE LIST'!B49 -> Winch électrique pour drisses de GV, de trinquette et de spi Powered winch instead of the manual one for mainsail, staysail & spinaker halyards | E62: X
A63: ='NEEL 52 TARIF-PRICE LIST'!A50 -> ≡ PACK 52 022 | B63: ='NEEL 52 TARIF-PRICE LIST'!B50 -> Sellerie sun deck SUNBRELLA Sun deck cushions SUNBRELLA | E63: X
A64: ='NEEL 52 TARIF-PRICE LIST'!A51 -> ≡ PACK 52 023 | B64: ='NEEL 52 TARIF-PRICE LIST'!B51 -> Audio Fusion Apollo 770 avec 2 HP dans cockpit et 2 HP (B&W) dans le carré, avec prise USB Audio Fusion Apollo 770 with 2 speakers in the cockpit and 2 speakers (B&W) in the saloon, with USB plug | E64: X
A65: ='NEEL 52 TARIF-PRICE LIST'!A52 -> ≡ PACK 52 024 | B65: ='NEEL 52 TARIF-PRICE LIST'!B52 -> 2 fauteuils amovibles Cockloon® 2 foldable Cockloon® seats | E65: X
A66: ='NEEL 52 TARIF-PRICE LIST'!A53 -> ≡ PACK 52 025 | B66: ='NEEL 52 TARIF-PRICE LIST'!B53 -> Relevage d'annexe avec balancine sur line driver et bers Dinghy toping lift system including line driver & craddles | E66: X
A67: ='NEEL 52 TARIF-PRICE LIST'!A54 -> ≡ PACK 52 026 | B67: ='NEEL 52 TARIF-PRICE LIST'!B54 -> Antifouling avec primer expoxy Antifouling with epoxy primer | E67: X
A69: TECK SYNTHETIQUE
A70: ='NEEL 52 TARIF-PRICE LIST'!A57 -> ≡ OPT 52 TS001 | B70: ='NEEL 52 TARIF-PRICE LIST'!B57 -> Cockpit complet et jupes en teck synthétique Synthetic teak on full cockpit and transoms | C70: =IF('NEEL 52 TARIF-PRICE LIST'!D57=0,"","X")
A71: ='NEEL 52 TARIF-PRICE LIST'!A58 -> ≡ OPT 52 TS002 | B71: Passavants, pont avant, cockpit complet, jupes, sundeck et estrade poste de barre en teck synthétique | C71: =IF('NEEL 52 TARIF-PRICE LIST'!D58=0,"","X")
A72: ='NEEL 52 TARIF-PRICE LIST'!A59 -> ≡ OPT 52 TS003 | B72: ='NEEL 52 TARIF-PRICE LIST'!B59 -> Salon, cuisine et espace table à cartes en teck synthétique (Versions SEA DECK) Synthetic teak interior : saloon, galley and chart table (SEA DECK Versions) | C72: =IF('NEEL 52 TARIF-PRICE LIST'!D59=0,"","X")
A73: ='NEEL 52 TARIF-PRICE LIST'!A60 -> ≡ OPT 52 TS004 | B73: ='NEEL 52 TARIF-PRICE LIST'!B60 -> Salon, cuisine, espace table à cartes et cabine master (espace nuit) en teck synthétique (Versions SKY DECK) Synthetic teak interior : saloon, galley, chart table, master cabin (sleeping area) (SKY DECK Versions) | C73: =IF('NEEL 52 TARIF-PRICE LIST'!D60=0,"","X")
A74: ='NEEL 52 TARIF-PRICE LIST'!A61 -> ≡ OPT 52 TS005 | B74: Teck synthétique dans les cabines des flotteurs et coque centrale Synthetic teak in cabins located in the floats and in the central hull | C74: =IF('NEEL 52 TARIF-PRICE LIST'!D61=0,"","X")
A76: CONFORT EXTERIEUR
A77: ='NEEL 52 TARIF-PRICE LIST'!A64 -> ■ OPT 52 CE001 | B77: ='NEEL 52 TARIF-PRICE LIST'!B64 -> Tente de cockpit amovible Removable cockpit tent | C77: =IF('NEEL 52 TARIF-PRICE LIST'!D64=1,"X","")
A78: ='NEEL 52 TARIF-PRICE LIST'!A65 -> ■ OPT 52 CE012 | B78: ='NEEL 52 TARIF-PRICE LIST'!B65 -> Tente de cockpit 2 en 1 avec panneaux souples transparents et panneaux moustiquaires 2 in 1 cockpit tent with transparent soft panels and mosquito net panels | C78: =IF('NEEL 52 TARIF-PRICE LIST'!D65=1,"X","")
A79: ='NEEL 52 TARIF-PRICE LIST'!A66 -> ■ OPT 52 CE003 | B79: ='NEEL 52 TARIF-PRICE LIST'!B66 -> Bimini fixe au poste de barre sur structure inox avec pare brise souple Bimini at the helm station including windshield | C79: =IF('NEEL 52 TARIF-PRICE LIST'!D66=1,"X","")
A80: ='NEEL 52 TARIF-PRICE LIST'!A67 -> ■ OPT 52 CE004 | B80: ='NEEL 52 TARIF-PRICE LIST'!B67 -> Fermeture complète en toile du bimini Bimini full closing tent | C80: =IF('NEEL 52 TARIF-PRICE LIST'!D67=1,"X","")
A81: ='NEEL 52 TARIF-PRICE LIST'!A68 -> ■ OPT 52 CE005 | B81: ='NEEL 52 TARIF-PRICE LIST'!B68 -> Bloc cuisine extérieure dans cockpit comprenant plan de travail, évier, eau froide/chaude, frigo - Incompatible avec le Bain de soleil (CE006) Cockpit kitchen including work top, sink, hot and cold water, fridge - Not possible with Sunbathing pad (CE006) | C81: =IF('NEEL 52 TARIF-PRICE LIST'!D68=1,"X","")
A82: ='NEEL 52 TARIF-PRICE LIST'!A69 -> ■ OPT 52 CE006 | B82: ='NEEL 52 TARIF-PRICE LIST'!B69 -> Plancha - Impose sélection de l'option Bloc cuisine (CE005) Plancha - Requires Cockpit Kitchen (CE005) | C82: =IF('NEEL 52 TARIF-PRICE LIST'!D69=1,"X","")
A83: ='NEEL 52 TARIF-PRICE LIST'!A70 -> ■ OPT 52 CE007 | B83: ='NEEL 52 TARIF-PRICE LIST'!B70 -> Ice maker dans bloc cuisine extérieure dans cockpit (condamne du rangement) - Incompatible avec le Bain de soleil (CE006) Ice maker in cockpit kitchen (removes from storage) - Not possible with Sunbathing pad (CE006)
A84: ='NEEL 52 TARIF-PRICE LIST'!A71 -> ■ OPT 52 CE008 | B84: ='NEEL 52 TARIF-PRICE LIST'!B71 -> Bain de soleil dans cockpit - Incompatible avec bloc cuisine extérieure (CE005) Sunbathing pad - Impossible with Cockpit kitchen (CE005) | C84: =IF('NEEL 52 TARIF-PRICE LIST'!D71=1,"X","")
A85: ='NEEL 52 TARIF-PRICE LIST'!A72 -> ■ OPT 52 CE009 | B85: ='NEEL 52 TARIF-PRICE LIST'!B72 -> Ensemble de mains courantes autour du roof Set of handrails around the roof | C85: =IF('NEEL 52 TARIF-PRICE LIST'!D72=1,"X","")
A86: ='NEEL 52 TARIF-PRICE LIST'!A73 -> ■ OPT 52 CE010 | B86: ='NEEL 52 TARIF-PRICE LIST'!B73 -> 1 taquet de pendille sur chaque pointe avant de flotteur (donc 2 taquets au total) 1 mooring cleat on each float bow (total : 2 cleats) | C86: =IF('NEEL 52 TARIF-PRICE LIST'!D73=1,"X","")
A87: ='NEEL 52 TARIF-PRICE LIST'!A74 -> ■ OPT 52 CE011 | B87: ='NEEL 52 TARIF-PRICE LIST'!B74 -> 1 table cocktail au niveau du trampoline tribord 1 cocktail table near the starboard trampoline | C87: =IF('NEEL 52 TARIF-PRICE LIST'!D74=1,"X","")
A88: ='NEEL 52 TARIF-PRICE LIST'!A75 -> ■ OPT 52 CE013 | B88: ='NEEL 52 TARIF-PRICE LIST'!B75 -> 1 Ensemble de coussins pour plage avant tribord | C88: =IF('NEEL 52 TARIF-PRICE LIST'!D75=1,"X","")
A90: CONFORT INTERIEUR | B90: 0
A91: ='NEEL 52 TARIF-PRICE LIST'!A78 -> ■ OPT 52 CI001.1 | B91: ='NEEL 52 TARIF-PRICE LIST'!B78 -> 4 ventilateurs électriques dans "l'espace Jour" (carré, cuisine, table à carte et cabine Master) 4 electrical fans in the "Living area" (saloon, nav.station, kitchen and master cabin) | C91: =IF('NEEL 52 TARIF-PRICE LIST'!D78=0,"","X")
A92: ='NEEL 52 TARIF-PRICE LIST'!A79 -> ■ OPT 52 CI001.2 | B92: ='NEEL 52 TARIF-PRICE LIST'!B79 -> 7 ventilateurs électriques dans "l'espace Nuit" (cabines, dressing) 7 electrical fans in the "Night area" (cabins, dressing) | C92: =IF('NEEL 52 TARIF-PRICE LIST'!D79=0,"","X")
A93: ='NEEL 52 TARIF-PRICE LIST'!A80 -> ■ OPT 52 CI002 | B93: ='NEEL 52 TARIF-PRICE LIST'!B80 -> Rideau d'entrée de baie coulissante Curtain for the entrance sliding door | C93: =IF('NEEL 52 TARIF-PRICE LIST'!D80=0,"","X")
A94: ='NEEL 52 TARIF-PRICE LIST'!A81 -> ■ OPT 52 CI007 | B94: ='NEEL 52 TARIF-PRICE LIST'!B81 -> Batyline occultante extérieure de vitrage - Couleur BLANC ou GRIS au choix Outside blind made of Batyline - colour to be choosen : WHITE or GREY | C94: =IF('NEEL 52 TARIF-PRICE LIST'!D81=0,"","X")
A95: ='NEEL 52 TARIF-PRICE LIST'!A82 -> ■ OPT 52 CI003 | B95: ='NEEL 52 TARIF-PRICE LIST'!B82 -> Batyline occultante extérieure de vitrage avec ouvrants pour panneaux - Couleur BLANC ou GRIS au choix Outside blind made of Batyline with hatch openings - colour to be choosen : WHITE or GREY | C95: =IF('NEEL 52 TARIF-PRICE LIST'!D82=0,"","X")
A96: ='NEEL 52 TARIF-PRICE LIST'!A83 -> ■ OPT 52 CI004 | B96: ='NEEL 52 TARIF-PRICE LIST'!B83 -> Eau de mer sous pression au robinet de cuisine intérieure (en plus de l'eau douce) et sortie sur pont pour connecter un tuyau Pressurized sea water at galley (in addition to fresh water) and outlet on deck to connect a hose | C96: =IF('NEEL 52 TARIF-PRICE LIST'!D83=0,"","X")
A97: ='NEEL 52 TARIF-PRICE LIST'!A84 -> ■ OPT 52 CI005 | B97: ='NEEL 52 TARIF-PRICE LIST'!B84 -> Sommier à latte pour lit double (6 maximum) Slatted bed for double bed (6 maximum) | C97: =IF('NEEL 52 TARIF-PRICE LIST'!D84=0,"","X")
A98: ='NEEL 52 TARIF-PRICE LIST'!A85 -> ■ OPT 52 CI006 | B98: ='NEEL 52 TARIF-PRICE LIST'!B85 -> Ensemble des éclairages sur dimmer (variateur d'intensité) Set of dimmer lights (dimmer) | C98: =IF('NEEL 52 TARIF-PRICE LIST'!D85=0,"","X")
A100: ENERGIE 230V/50Hz | B100: 0
A101: ='NEEL 52 TARIF-PRICE LIST'!A88 -> ≡ OPT 52 EN001 | B101: ='NEEL 52 TARIF-PRICE LIST'!B88 -> Generateur 11-12 KW (selon fournisseur) Generator 11-12 KW (as per supplier) | C101: =IF('NEEL 52 TARIF-PRICE LIST'!D88=0,"","X")
A102: ='NEEL 52 TARIF-PRICE LIST'!A89 -> ≡ OPT 52 EN002 | B102: ='NEEL 52 TARIF-PRICE LIST'!B89 -> Pré installation GE (piquage eau de mer uniquement) (déjà compris si GE sélectionné) Pre installation for generator (sea water dive only) (already included if generator selected) | C102: =IF('NEEL 52 TARIF-PRICE LIST'!D89=0,"","X")
A103: ='NEEL 52 TARIF-PRICE LIST'!A90 -> ≡ OPT 52 EN003.1 | B103: ='NEEL 52 TARIF-PRICE LIST'!B90 -> Sur TRI 52 003: Climatisation à eau glacée centralisée réversible cabines + pont principal 50K BTU (sans chaudière) (Fonctionne en 230V mais est bifréquence, nécessite un convertisseur si fonctionnement en 120V) Centralized and reversible air-conditionning system in cabins+saloon 50 K BTU (without boiler) | C103: =IF('NEEL 52 TARIF-PRICE LIST'!D90=0,"","X")
A104: ='NEEL 52 TARIF-PRICE LIST'!A91 -> ≡ OPT 52 EN003.2 | B104: ='NEEL 52 TARIF-PRICE LIST'!B91 -> Sur TRI 52 001 : Climatisation à eau glacée centralisée réversible cabines + pont principal 50K BTU(sans chaudière) (Fonctionne en 230V mais est bifréquence, nécessite un convertisseur si fonctionnement en 120V) Centralized and reversible air-conditionning system in cabins + saloon 50 K BTU (without boiler) | C104: =IF('NEEL 52 TARIF-PRICE LIST'!D91=0,"","X")
A105: ='NEEL 52 TARIF-PRICE LIST'!A92 -> ≡ OPT 52 EN003.3 | B105: ='NEEL 52 TARIF-PRICE LIST'!B92 -> Sur TRI 52 002 et TRI 52 004 : Climatisation à eau glacée centralisée réversible cabines + pont principal 50 K BTU (sans chaudière) (Fonctionne en 230V mais est bifréquence, nécessite un convertisseur si fonctionnement en 120V) Centralized and reversible air-conditionning system in cabins + saloon 50 K BTU(without boiler) | C105: =IF('NEEL 52 TARIF-PRICE LIST'!D92=0,"","X")
A106: ='NEEL 52 TARIF-PRICE LIST'!A93 -> ≡ OPT 52 EN004 | B106: ='NEEL 52 TARIF-PRICE LIST'!B93 -> Chauffage diesel pour climatisation (en complément OPT 52 EN003.1/.2/.3) Diesel Heating System for air-conditionning (in addition to OPT 52 EN003.1/.2/.3) | C106: =IF('NEEL 52 TARIF-PRICE LIST'!D93=0,"","X")
A107: ='NEEL 52 TARIF-PRICE LIST'!A94 -> ≡ OPT 52 EN005 | B107: ='NEEL 52 TARIF-PRICE LIST'!B94 -> Chauffage chaudière WEBASTO à eau Water heating system WEBASTO | C107: =IF('NEEL 52 TARIF-PRICE LIST'!D94=0,"","X")
A108: ='NEEL 52 TARIF-PRICE LIST'!A95 -> ≡ OPT 52 EN006 | B108: ='NEEL 52 TARIF-PRICE LIST'!B95 -> Dessalinisateur 24 V débit 100 L/H Water maker 100 L/H 24 V | C108: =IF('NEEL 52 TARIF-PRICE LIST'!D95=0,"","X")
A109: ='NEEL 52 TARIF-PRICE LIST'!A96 -> ≡ OPT 52 EN007 | B109: ='NEEL 52 TARIF-PRICE LIST'!B96 -> Dessalinisateur 230 V - 50 Hz débit 160 L/H Water maker 180 L/H 230 V - 50 Hz | C109: =IF('NEEL 52 TARIF-PRICE LIST'!D96=0,"","X")
A110: ='NEEL 52 TARIF-PRICE LIST'!A97 -> ≡ OPT 52 EN021 | B110: ='NEEL 52 TARIF-PRICE LIST'!B97 -> Pré installation dessalinisateur (piquage eau de mer uniquement) Pre installation for watermaker (sea water dive only) | C110: =IF('NEEL 52 TARIF-PRICE LIST'!D97=0,"","X")
A111: ='NEEL 52 TARIF-PRICE LIST'!A98 -> ≡ OPT 52 EN008 | B111: ='NEEL 52 TARIF-PRICE LIST'!B98 -> Lave vaisselle 9 couverts Dishwasher 9 pax | C111: =IF('NEEL 52 TARIF-PRICE LIST'!D98=0,"","X")
A112: ='NEEL 52 TARIF-PRICE LIST'!A99 -> ≡ OPT 52 EN009 | B112: ='NEEL 52 TARIF-PRICE LIST'!B99 -> Lave linge séchant 4kg dans îlot cuisine sur SEA DECK VIEW; à l'avant du flotteur tribord sur SKY DECK VIEW Washer dryer 4 kg in the central galley furniture unit (SEA DECK VIEW Version); in forward starboard ama (SKY DECK VIEW VERSION) | C112: =IF('NEEL 52 TARIF-PRICE LIST'!D99=0,"","X")
... A124: ='NEEL 52 TARIF-PRICE LIST'!A111 -> ≡ OPT 52 EN022 | B124: ='NEEL 52 TARIF-PRICE LIST'!B111 -> 3e combi (MASS COMBI PRO 24/3500-100) 3rd combi (MASS COMBI PRO 24/3500-100) | C124: =IF('NEEL 52 TARIF-PRICE LIST'!D111=0,"","X")
C125: =IF('NEEL 52 TARIF-PRICE LIST'!D101=0,"","X")
A126: ='NEEL 52 TARIF-PRICE LIST'!A112 -> OPTIONS LITHIUM | LITHIUM OPTIONS | C126: =IF('NEEL 52 TARIF-PRICE LIST'!D102=0,"","X")
...
